 Dungeon Crawl Stone Soup version 0.31.0-9-g3a7656b989 (webtiles) character file.

Game seed: 1471416510288402863

3512 GreatBamboolord the Cleaver (level 10, -4/93 HPs)
             Began as a Hill Orc Monk on Jan 25, 2024.
             Was a Believer of Beogh.
             Slain by a two-headed ogre
             ... wielding a +0 giant club
              (13 damage)
             ... on level 9 of the Dungeon.
             The game lasted 00:10:56 (8783 turns).

GreatBamboolord the Cleaver (Hill Orc Monk)         Turns: 8783, Time: 00:10:57

Health: -4/93      AC: 11    Str: 19    XL:     10   Next: 8%
Magic:  3/3        EV: 10    Int: 10    God:    Beogh [**....]
Gold:   568        SH:  0    Dex: 13    Spells: 9/9 levels left

rFire   . . .        a - +1 hand axe (antimagic)
rCold   . . .        d - orb {light}
rNeg    . . .        n - +0 chain mail
rPois   .            p - +0 helmet
rElec   .            q - scarf {shadows}
rCorr   .            (no gloves)
SInv    .            (no boots)
Will    .....        (no amulet) Stlth
                     (no ring)
HPRegen 0.35/turn    (no ring)
MPRegen 0.08/turn

%: no passive effects
@: about to teleport, glowing
A: no striking features
a: Renounce Religion, Smiting


You were on level 9 of the Dungeon.
You worshipped Beogh.
Beogh was pleased with you.
You visited 2 branches of the dungeon, and saw 10 of its levels.

You collected 568 gold pieces.

Inventory:

Hand Weapons
 a - a +1 antimagic hand axe (weapon)
 b - a +1 hand axe of holy wrath
Missiles
 x - a throwing net (quivered)
Armour
 d - an orb of light (worn)
 n - a +0 chain mail (worn)
 p - a +0 helmet (worn)
 q - a scarf of shadows (worn)
 G - a +0 cloak
Jewellery
 s - an amulet of faith
 H - a ring of protection from fire
Wands
 i - a wand of quicksilver (8)
 m - a wand of polymorph (6)
 A - a wand of paralysis (16)
 E - a wand of roots (7)
Scrolls
 e - 2 scrolls of enchant weapon
 f - 2 scrolls of noise
 g - 3 scrolls of teleportation
 h - 2 scrolls of amnesia
 j - a scroll of brand weapon
 l - a scroll of acquirement {unknown}
 r - 4 scrolls of fog
 u - 2 scrolls of immolation
 v - 2 scrolls of vulnerability {unknown}
 y - a scroll of identify
 B - a scroll of enchant armour {unknown}
 C - a scroll of fear {unknown}
Potions
 c - a potion of ambrosia
 k - 2 potions of mutation
 o - a potion of curing {unknown}
 t - a potion of might {unknown}
 w - a potion of berserk rage
 z - a potion of heal wounds
 D - a potion of enlightenment {unknown}
 F - a potion of attraction {unknown}


   Skills:
 * Level 9.8 Fighting
 * Level 10.5 Axes
 * Level 6.0 Armour
 - Level 6.3 Dodging
 + Level 2.0 Invocations


You had 9 spell levels left.
You didn't know any spells.
Your spell library contained the following spells:

 Spells                   Type           Power      Damage    Failure   Level
 Cigotuvi's Dreadful Rot  Necr/Alch/Air  0%         N/A       99%         2
 Tukima's Dance           Hex            0%         N/A       100%        3
 Volatile Blastmotes      Fire/Tloc      0%         2d10      100%        3
 Anguish                  Hex/Necr       0%         N/A       100%        4
 Animate Dead             Necr           0%         N/A       100%        4
 Brom's Barrelling Bould  Conj/Erth      0%         2d3       100%        4
 Cause Fear               Hex            0%         N/A       100%        4
 Dispel Undead            Necr           0%         3d6       100%        4
 Fulminant Prism          Conj/Alch      0%         3d5       100%        4
 Iskenderun's Mystic Bla  Conj/Tloc      0%         2d3       100%        4
 Martyr's Knell           Necr/Summ      0%         N/A       100%        4
 Passage of Golubria      Tloc           0%         N/A       100%        4
 Borgnjor's Vile Clutch   Necr/Erth      0%         N/A       100%        5
 Fireball                 Conj/Fire      0%         3d3       100%        5
 Iskenderun's Battlesphe  Conj           0%         2d6       100%        5
 Yara's Violent Unravell  Hex/Alch       0%         3d3       100%        5
 Conjure Ball Lightning   Conj/Air       0%         3x3d6     100%        6
 Death Channel            Necr           0%         N/A       100%        6
 Enfeeble                 Hex            0%         N/A       100%        7
 Orb of Destruction       Conj           0%         9d5       100%        7


Dungeon Overview and Level Annotations

Branches:
Dungeon (9/15)             Temple (1/1) D:6
   Lair: D:8-11         Orc: D:9-12

Altars:
Ashenzari
Cheibriados
Dithmenos
Elyvilon
Fedhas
Gozag
Hepliaklqana
Kikubaaqudgha
Makhleb
Nemelex Xobeh
Okawaru
Qazlal
Ru
Sif Muna
Trog
Uskayaw
Vehumet
Wu Jian
Xom
Yredelemnul
Zin
The Shining One

Shops:
D:6 :


Message History

The steam dragon closely misses you.
The steam dragon claws you but does no damage.
You hit the steam dragon.
The steam dragon is moderately wounded.
The steam dragon breathes steam at you. The ball of steam hits you!
* * * LOW HITPOINT WARNING * * *
You are engulfed in a cloud of scalding steam.
A two-headed ogre comes into view. It is wielding two +0 giant clubs.
The steam dragon attacks as it pursues you!
The steam dragon bites you but does no damage.
The steam dragon claws you.
* * * LOW HITPOINT WARNING * * *
You feel much better.
You are engulfed in a cloud of scalding steam.
The steam dragon bites you but does no damage.
The steam dragon claws you but does no damage.
You are engulfed in a cloud of scalding steam.
* * * LOW HITPOINT WARNING * * *
Okay, then.
Unknown command.
As you read the scroll of teleportation, it crumbles to dust.
You feel strangely unstable.
The steam dragon bites you but does no damage.
The steam dragon barely misses you.
Found a mace.
Unknown command.
You slash the steam dragon!
The steam dragon is heavily wounded.
You are engulfed in a cloud of scalding steam.
The steam dragon breathes steam at you. The ball of steam hits you!
* * * LOW HITPOINT WARNING * * *
Unknown command.
The steam dragon bites you.
* * * LOW HITPOINT WARNING * * *
The steam dragon claws you but does no damage.
The two-headed ogre attacks as it pursues you!
The two-headed ogre hits you with a +0 giant club!
You die...

..............
######.#####..
# ######.### ..
.........#
##.########.#.#
............#.#
..........###.#
###....D).)...#
#...§O@.....#
#....§§.....#
#...§§......#
#....§......#
#...(§......#
#....§......#
#....)......#


You could see a two-headed ogre and a steam dragon (catching breath).

Vanquished Creatures
  Pikel (D:6)
  A vampire (D:9)
  A wyvern (D:8)
  Menkaure (D:5)
  Edmund (D:6)
  A water moccasin (D:6)
  An orc warrior (D:8)
  An ice beast (D:5)
  2 ogres
  2 black bears
  3 centaurs
  A lemure (D:6)
  2 phantoms (D:6)
  A kobold brigand (D:6)
  2 bullfrogs
  5 scorpions
  A wight (D:5)
  A howler monkey (D:6)
  2 bombardier beetles
  6 hounds
  4 jellies
  4 orc priests (D:8)
  A sleepcap (D:5)
  A gnoll bouda (D:7)
  3 iguanas
  3 orc wizards
  3 gnolls (D:7)
  8 adders
  2 shadow imps (D:7)
  2 white imps
  4 ufetubi (D:6)
  2 dart slugs
  19 orcs
  4 ball pythons
  5 bats
  9 endoplasms
  4 giant cockroaches
  5 hobgoblins
  7 kobolds
  2 quokkas
  8 frilled lizards
  11 goblins
147 creatures vanquished.

Notes
Turn   | Place    | Note
-------+----------+-------------------------------------------
     0 | D:1      | GreatBamboolord the Hill Orc Monk began the quest for the
                  | Orb.
     0 | D:1      | Reached XP level 1. HP: 19/19 MP: 1/1
   134 | D:1      | Found a faded altar of an unknown god.
   253 | D:1      | Reached XP level 2. HP: 27/27 MP: 2/2
   758 | D:1      | Reached XP level 3. HP: 33/33 MP: 3/3
  1897 | D:3      | Reached skill level 1 in Armour
  2277 | D:3      | Reached XP level 4. HP: 33/41 MP: 4/4
  2863 | D:4      | Noticed a scorpion
  2880 | D:4      | Killed a scorpion
  2881 | D:4      | Reached skill level 5 in Axes
  2881 | D:4      | Reached XP level 5. HP: 35/47 MP: 5/5
  3024 | D:4      | Reached skill level 5 in Fighting
  3105 | D:4      | Reached XP level 6. HP: 18/56 MP: 2/6
  3760 | D:5      | Entered Level 5 of the Dungeon
  3778 | D:5      | Noticed Menkaure
  3788 | D:5      | Killed Menkaure
  3789 | D:5      | Reached skill level 6 in Axes
  3879 | D:5      | Reached XP level 7. HP: 51/62 MP: 2/7
  4387 | D:5      | Reached skill level 7 in Axes
  4746 | D:5      | Reached XP level 8. HP: 66/71 MP: 2/8
  5384 | D:6      | Found a staircase to the Ecumenical Temple.
  5401 | Temple   | Entered the Ecumenical Temple
  5492 | D:6      | Reached skill level 8 in Axes
  5492 | D:6      | Reached skill level 5 in Dodging
  5664 | D:6      | Found a sparkling altar of Nemelex Xobeh.
  5666 | D:6      | Noticed Edmund
  5708 | D:6      | Killed Edmund
  6140 | D:6      | Noticed Pikel
  6169 | D:6      | Killed Pikel
  6170 | D:6      | Reached skill level 9 in Axes
  6170 | D:6      | Reached XP level 9. HP: 34/82 MP: 3/9
  6393 | D:6      | Found Caaguac's Book Shoppe.
  6519 | D:6      | Reached skill level 5 in Armour
  7668 | D:8      | Became a worshipper of Beogh the Brigand
  7668 | D:8      | Reached * piety under Beogh
  7668 | D:8      | Reached ** piety under Beogh
  7778 | D:8      | Reached skill level 10 in Axes
  8287 | D:8      | Found a bloodstained altar of Trog.
  8305 | D:8      | Reached skill level 1 in Invocations
  8491 | D:8      | Reached XP level 10. HP: 73/92 MP: 3/11
  8778 | D:9      | Noticed a two-headed ogre
  8783 | D:9      | Slain by a two-headed ogre

Illustrated notes

Levels and vault maps discovered:
D:1:      ebering_trefoil_twist, layout_basic,
          shapermc_ecumenical_altar_pompeii, hex_tiny, minmay_splitting_lines,
          dk_noncrumbling_2, hex_intersection, minmay_misc_feat_cross
D:2:      layout_basic
D:3:      layout_basic
D:4:      layout_basic, serial_glass, glass_columns_b, glass_columns_a,
          minivault_5
D:5:      minmay_octagon_keep, layout_rooms, uniq_menkaure
D:6:      layout_gridville, amcnicky_altar_gilded,
          minmay_temple_entry_statues_fountains, serial_shops,
          nicolae_shop_behind_doors, uniq_edmund, uniq_pikel
D:7:      layout_loops_ring, dreamdust_princess_bridge
D:8:      layout_loops_ring, trog_butcher_becter
D:9:      layout_basic, erik_lair_orcish_takeover, minmay_chambers_of_fives
Temple:   mainiacjoe_temple_cubbyholes

Skill      XL: |  1  2  3  4  5  6  7  8  9 10 |
---------------+-------------------------------+-----
Fighting       | 4 5 6 8 9 |  9.8
Armour         | 1 2 3 4 5 6 |  6.0
Dodging        | 3 4 5 6 |  6.3
Axes           | 5 6 7 9 10 | 10.5
Invocations    | 1 2 |  2.0

Action                     |  1- 3 |  4- 6 |  7- 9 | 10-12 || total
---------------------------+-------+-------+-------+-------++-------
  Melee: Hand axe          |   106 |    85 |   453 |    32 ||   676
 Invoke: Convert to Beogh  |       |       |     1 |       ||     1
  Evoke: Wand              |       |       |     2 |       ||     2
    Use: Scroll            |     4 |     4 |     3 |     1 ||    12
         Potion            |       |     1 |     6 |     1 ||     8
   Stab: Paralysed         |       |       |     8 |       ||     8
 Armour: Robe              |    25 |       |       |       ||    25
         Leather armour    |    22 |    43 |    52 |       ||   117
         Chain mail        |       |       |   267 |    40 ||   307
  Dodge: Dodged            |    65 |    57 |   241 |    19 ||   382
